 Dungeon Crawl Stone Soup version 0.27-a0-1278-g6cbc8dfb29 (webtiles) character file.

Game seed: 234063981594545546

30 bande the Skirmisher (level 3, -9/24 HPs)
             Began as a Gargoyle Fighter on June 12, 2021.
             Mangled by an ogre (20 damage)
             ... on level 2 of the Dungeon.
             The game lasted 00:01:45 (1447 turns).

bande the Skirmisher (Gargoyle Fighter)             Turns: 1447, Time: 00:01:46

Health: -9/24      AC: 10    Str: 19    XL:     3   Next: 20%
Magic:  3/3        EV:  7    Int:  8    God:
Gold:   20         SH:  9    Dex: 10    Spells: 2/2 levels left

rFire    . . .     SeeInvis .   h - +1 hand axe (flame)
rCold    . . .     Faith    .   c - +0 kite shield
rNeg     + . .     Spirit   .   b - +0 scale mail
rPois    ∞         Reflect  .   (no helmet)
rElec    +         Harm     .   (no cloak)
rCorr    .         Rampage  .   (no gloves)
Will     .....                  (no boots)
Stlth    ..........             (no amulet)
HPRegen  0.08/turn              (no ring)
MPRegen  0.08/turn              (no ring)

@: no status effects
A: sickness immunity, AC +3, negative energy resistance 1, electricity
resistance, torment resistance 1, petrification resistance
a: no special abilities


You were on level 2 of the Dungeon.
You visited 1 branch of the dungeon, and saw 2 of its levels.

You collected 20 gold pieces.

Inventory:

Hand Weapons
 a - a +0 war axe
 h - a +1 hand axe of flaming (weapon)
Armour
 b - a +0 scale mail (worn)
 c - a +0 kite shield (worn)
Jewellery
 e - a ring of flight
Potions
 d - a potion of might
 f - a potion of cancellation {unknown}
 g - a potion of brilliance {unknown}
 i - 2 potions of invisibility {unknown}
 j - a potion of resistance {unknown}
 k - a potion of haste {unknown}


   Skills:
 + Level 3.6 Fighting
 + Level 2.4 Axes
 + Level 3.4 Armour
 + Level 0.1 Dodging
 + Level 3.6 Shields


You had 2 spell levels left.
You didn't know any spells.
Your spell library was empty.

Dungeon Overview and Level Annotations

Branches:
Dungeon (2/15)

Altars:
Uskayaw


Innate Abilities, Weirdness & Mutations

You are immune to sickness and miasma.
Your stone body is resilient. (AC +3)
You are immune to poison.
You resist negative energy. (rN+)
You are resistant to electric shocks. (rElec)
You are resistant to unholy torment.
You are immune to petrification.


Message History

The hobgoblin barely misses you.
You hit the hobgoblin. You burn the hobgoblin.
The hobgoblin is almost dead.
You block the hobgoblin's attack.
You closely miss the hobgoblin.
The hobgoblin is almost dead.
The hobgoblin closely misses you. The hobgoblin barely misses you.
You hit the hobgoblin but do no damage.
The hobgoblin is almost dead.
You block the hobgoblin's attack.
You hit the hobgoblin. You burn the hobgoblin.
You kill the hobgoblin!
No target in view!
No target in view!
No target in view!
j - a dark potion
Found 24 arrows.
Done exploring.
Done exploring.
There is a stone staircase leading down here.
You climb downwards.
Found a hide-covered altar of Uskayaw.
There is a stone staircase leading up here.
Found a stone staircase leading up.
An ogre comes into view. It is wielding a +0 giant spiked club.
You hit the ogre. You burn the ogre.
The ogre is lightly wounded.
You block the ogre's attack.
You hit the ogre. You burn the ogre.
The ogre is moderately wounded.
The ogre barely misses you.
You hit the ogre. You burn the ogre.
The ogre is moderately wounded.
The ogre hits you with a +0 giant spiked club!
Ouch! That really hurt!
You slash the ogre! You burn the ogre.
The ogre is severely wounded.
The ogre hits you with a +0 giant spiked club!!
Ouch! That really hurt!
You die...

#....# +....# #....#
#....# #....# #....#
#.# ...#.##....##
#.# ......O@....#
#.#
.....#.####.###.#
... #. #..##.# . #.
##.##.#
..#####.##.#######
..........<.......
..######.##.#######.
.. ....<#..........
...........####.


You could see an ogre.

Vanquished Creatures
  A dart slug (D:1)
  2 bats (D:1)
  2 endoplasms (D:1)
  2 giant cockroaches (D:1)
  2 goblins (D:1)
  5 hobgoblins (D:1)
  2 jackals (D:1)
  3 ball pythons (D:1)
  A frilled lizard (D:1)
  A kobold (D:1)
  5 rats (D:1)
26 creatures vanquished.

Notes
Turn   | Place    | Note
-------+----------+-------------------------------------------
     0 | D:1      | bande the Gargoyle Fighter began the quest for the Orb.
     0 | D:1      | Reached XP level 1. HP: 14/14 MP: 1/1
    50 | D:1      | Reached XP level 2. HP: 19/19 MP: 2/2
   912 | D:1      | Reached XP level 3. HP: 23/23 MP: 3/3
  1424 | D:2      | Found a hide-covered altar of Uskayaw.
  1440 | D:2      | Noticed an ogre
  1447 | D:2      | Mangled by an ogre

Illustrated notes

Levels and vault maps discovered:
D:1:      mrwooster_arrival_arrow, layout_basic, minivault_23
D:2:      layout_basic, basic_altar, shapermc_ecumenical_altar_starsandcircs,
          uniq_natasha

Skill      XL: |  1  2 |
---------------+-------+-----
Axes           | 2 |  2.4
Fighting       | |  3.6
Armour         | |  3.4
Dodging        | |  0.1
Shields        | |  3.6

Action                   || total
-------------------------++-------
Melee: War axe           ||    55
       Hand axe          ||    30
  Use: Scroll            ||     2
Armor: Scale mail        ||    30
Dodge: Dodged            ||    31
Block: Kite shield       ||    34

Table legend: (Time is in decaauts)
 A = Elapsed time spent in this place.
 B = Non-inter-level travel time spent in this place.
 C = Inter-level travel time spent in this place.
 D = Time resting spent in this place.
 E = Time spent auto-exploring this place.
 F = Levels seen in this place.
 G = Mean time per level.
                   A        B        C        D        E       F      G
               +--------+--------+--------+--------+--------+-----+--------+
         Total |   1492 |   1492 |      0 |    100 |   1140 |   2 |  746.0 |
       Dungeon |   1492 |   1492 |      0 |    100 |   1140 |   2 |  746.0 |
               +--------+--------+--------+--------+--------+-----+--------+

Top non-repeatable levels by time:
     D:1: 1468 daAuts
     D:2: 24 daAuts
